 Dungeon Crawl Stone Soup version 0.23.2-1-ga50397a6bc (webtiles) character file.

Game seed: 10783647622280810733

300 MachJacob the Firebug (level 6, -8/45 HPs)
             Began as a Hill Orc Fire Elementalist on Apr 17, 2019.
             Mangled by an ice beast (11 damage)
             ... on level 6 of the Dungeon.
             The game lasted 00:21:18 (3368 turns).

MachJacob the Firebug (Hill Orc Fire Elementalist)  Turns: 3368, Time: 00:21:18

Health: -8/45      AC:  4    Str: 11    XL:     6   Next: 36%
Magic:  3/9        EV: 12    Int: 17    God:
Gold:   128        SH:  0    Dex: 11    Spells: 8/9 levels left

rFire    . . .     SeeInvis .   b - +0 short sword
rCold    . . .     Gourm    .   (no shield)
rNeg     . . .     Faith    .   a - +0 robe
rPois    .         Spirit   .   (no helmet)
rElec    .         Reflect  .   o - +0 cloak
rCorr    .         Harm     .   (no gloves)
MR       .....                  d - +0 pair of boots
Stlth    ++........             (no amulet)
HPRegen  0.15/turn              (no ring)
MPRegen  0.11/turn              (no ring)

@: no status effects
A: no striking features
a: no special abilities


You were on level 6 of the Dungeon.
You were hungry.

You visited 1 branch of the dungeon, and saw 4 of its levels.
You also visited: Sewer.

You collected 128 gold pieces.

Inventory:

Hand Weapons
 b - a +0 short sword (weapon)
Armour
 a - a +0 robe (worn)
 d - a +0 pair of boots (worn)
 e - a +0 helmet
 m - a +0 robe
 o - a +0 cloak (worn)
Jewellery
 f - a cursed -3 ring of protection {unknown}
Scrolls
 g - 2 scrolls of magic mapping {unknown}
 j - 2 scrolls of teleportation {unknown}
 k - a scroll of remove curse {unknown}
 s - a scroll of immolation {unknown}
Potions
 h - 3 potions of heal wounds {unknown}
 i - a potion of haste {unknown}
 l - 2 potions of degeneration {unknown}
 p - a potion of might {unknown}
 q - a potion of agility {unknown}
 r - 6 potions of curing {unknown}
 t - 2 potions of flight {unknown}
Comestibles
 c - 5 rations


   Skills:
 + Level 2.3 Dodging
 + Level 2.5 Stealth
 + Level 2.4 Spellcasting
 * Level 3.2 Conjurations
 * Level 4.8 Fire Magic


You had 8 spell levels left.
You knew the following spells:

 Your Spells              Type           Power        Failure   Level  Hunger
a - Flame Tongue          Conj/Fire      ###..        3%          1    #......

Your spell library contained the following spells:

 Spells                   Type           Power        Failure   Level  Hunger
 Throw Flame              Conj/Fire      ###...       5%          2    ##.....
 Conjure Flame            Conj/Fire      ###.....     11%         3    ###....
 Inner Flame              Hex/Fire       ##......     21%         3    ###....
 Sticky Flame             Conj/Fire      ###.....     34%         4    #####..
 Fireball                 Conj/Fire      ###.......   67%         5    ######.


Dungeon Overview and Level Annotations

Branches:
Dungeon (3/15)

Altars:


Message History

* * * LOW HITPOINT WARNING * * *
Casting: Flame Tongue (safe; 3% risk of failure)
Confirm with . or Enter, or press ? or * to list all spells.
Aiming: Flame Tongue (safe; 3% risk of failure)
Press: ? - help, Shift-Dir - straight line, f/p - ice beast
Aim: an ice beast (heavily wounded)
The flame tongue hits the ice beast but does no damage.
The ice beast is heavily wounded.
The ice beast hits you but does no damage.
Casting: Flame Tongue (safe; 3% risk of failure)
Confirm with . or Enter, or press ? or * to list all spells.
Aiming: Flame Tongue (safe; 3% risk of failure)
Press: ? - help, Shift-Dir - straight line, f/p - ice beast
Aim: an ice beast (heavily wounded)
The flame tongue hits the ice beast.
The ice beast melts!
The ice beast is severely wounded.
The ice beast hits you.
* * * LOW HITPOINT WARNING * * *
The ice beast freezes you!
You die...

....... #..#.#.#.#
#.........
#..#.#.#.#
......9..
..#.#.#.#
##.#######........
.......@..........
!.....Y###.######
##.##.. #)# #..
#.# #.#
#.######9### #.
#..........# ..
########.#.# #.


You could see an ice beast.

Vanquished Creatures
  A big kobold (Sewer)
  A bullfrog (D:6)
  A hound (D:6)
  Jessica (D:3)
  A hound skeleton (D:3)
  A river rat (D:3)
  An adder (D:2)
  An ooze (D:3)
  A worm (D:2)
  A dart slug (D:1)
  3 leopard geckos
  2 orcs
  6 giant cockroaches
  6 hobgoblins
  5 jackals
  A ball python (D:1)
  8 bats
  5 frilled lizards
  A giant cockroach zombie (D:6)
  5 goblins
  11 kobolds
  10 rats
73 creatures vanquished.

Notes
Turn   | Place    | Note
-------+----------+-------------------------------------------
     0 | D:1      | MachJacob the Hill Orc Fire Elementalist began the quest
                  | for the Orb.
     0 | D:1      | Reached XP level 1. HP: 14/14 MP: 3/3
   173 | D:1      | Reached XP level 2. HP: 20/20 MP: 0/4
   648 | D:1      | Reached XP level 3. HP: 26/26 MP: 2/5
  1708 | D:2      | Reached XP level 4. HP: 33/33 MP: 4/6
  2077 | D:3      | Reached skill level 4 in Fire Magic
  2288 | D:3      | Noticed Jessica
  2319 | D:3      | Found a glowing drain.
  2400 | Sewer    | Entered a sewer
  2534 | Sewer    | Noticed a big kobold
  2557 | Sewer    | Killed a big kobold
  2557 | Sewer    | Reached XP level 5. HP: 34/38 MP: 3/8
  2803 | Sewer    | Found a white marble altar of Elyvilon.
  3042 | D:3      | Killed Jessica
  3145 | D:3      | You fall through a shaft for 3 floors!
  3190 | D:6      | Reached XP level 6. HP: 15/45 MP: 0/9
  3352 | D:6      | Noticed a gargoyle
  3362 | D:6      | Noticed an ice beast
  3368 | D:6      | Mangled by an ice beast

Skill      XL: |  1  2  3  4  5 |
---------------+----------------+-----
Dodging        | 2 |  2.3
Stealth        | 2 |  2.5
Conjurations   | 2 3 |  3.2
Fire Magic     | 4 |  4.8
Spellcasting   | 2 |  2.4

Action                   |  1- 3 |  4- 6 || total
-------------------------+-------+-------++-------
Melee: Unarmed           |    54 |       ||    54
       Short sword       |       |    27 ||    27
 Cast: Flame Tongue      |    64 |    63 ||   127
  Eat: Chunk             |     4 |     6 ||    10
Armor: Robe              |    12 |    10 ||    22
Dodge: Dodged            |    39 |    40 ||    79
